 Dungeon Crawl Stone Soup version 0.28.0-43-g3370ac3207 (webtiles) character file.

Game seed: 14681423706553027525

81 dianekeaton the Skirmisher (level 4, -3/41 HPs)
             Began as a Hill Orc Fighter on Mar 25, 2022.
             Slain by a scorpion (6 damage)
             ... on level 5 of the Dungeon.
             The game lasted 00:07:43 (2322 turns).

dianekeaton the Skirmisher (Hill Orc Fighter)       Turns: 2322, Time: 00:07:43

Health: -3/41      AC:  8    Str: 20    XL:     4   Next: 40%
Magic:  0/4        EV:  9    Int:  8    God:
Gold:   68         SH:  4    Dex: 10    Spells: 3/3 levels left

rFire   . . .      SeeInvis .   a - +1 flail
rCold   . . .      Faith    .   c - +0 buckler
rNeg    + . .      Spirit   +   b - +1 scale mail
rPois   .          Reflect  .   (helmet restricted)
rElec   .          Harm     .   (no cloak)
rCorr   .          Rampage  .   (no gloves)
Will    .....                   (no boots)
Stlth   ..........              m - amulet of guardian spirit
HPRegen 0.13/turn               j - ring of positive energy
MPRegen 0.09/turn               (no ring)

@: lethally poisoned (-3 -> -11)
A: horns 1, evolution 1, MP-powered wands
a: no special abilities


You were on level 5 of the Dungeon.
You visited 1 branch of the dungeon, and saw 5 of its levels.

You collected 96 gold pieces.
You spent 28 gold pieces at shops.

Inventory:

Hand Weapons
 a - a +1 flail (weapon)
Armour
 b - a +1 scale mail (worn)
 c - a +0 buckler (worn)
Jewellery
 j - a ring of positive energy (left hand)
 m - an amulet of guardian spirit (around neck)
Scrolls
 d - a scroll of identify
Potions
 g - a potion of degeneration
 h - a potion of berserk rage
 i - a potion of magic
 q - a potion of brilliance {unknown}
 r - a potion of curing {unknown}
 t - a potion of might


   Skills:
 * Level 4.6 Fighting
 + Level 3.4 Maces & Flails
 + Level 4.1 Armour
 - Level 3.2 Shields


You had 3 spell levels left.
You didn't know any spells.
Your spell library was empty.

Dungeon Overview and Level Annotations

Branches:
Dungeon (5/15)
 Temple: D:4-7

Altars:

Shops:
D:2 [   D:4 *[


Innate Abilities, Weirdness & Mutations

You have a pair of small horns on your head.
You have hidden genetic potential.
You expend magic power (3 MP) to strengthen your wands.


Message History

You are poisoned.
The scorpion poisons you!
The scorpion stings you but does no damage.
Okay, then.
You feel much better.
You feel very sick. The scorpion misses you.
You feel sick. The scorpion stings you!
You are more poisoned.
The scorpion poisons you!
You feel very sick. The scorpion closely misses you.
There is an escape hatch in the floor here.
You feel very sick. The scorpion stings you.
You slide downwards.
The hatch slams shut behind you.
You feel sick.
Found a ring mail.
It was a potion of mutation.
You feel extremely strange.
You feel your magical essence link to the dungeon's wands.
A pair of horns grows on your head!
You feel a hidden potential growing inside you.
You feel sick. The scorpion stings you.
You are lethally poisoned!
The scorpion poisons you!
You hit the scorpion.
The scorpion is moderately wounded.
* * * LOW HITPOINT WARNING * * *
You feel very sick. The scorpion completely misses you.
The scorpion closely misses you.
You completely miss the scorpion.
The scorpion is moderately wounded.
* * * LOW HITPOINT WARNING * * *
You feel very sick.
The scorpion stings you but does no damage.
You barely miss the scorpion.
The scorpion is moderately wounded.
* * * LOW HITPOINT WARNING * * *
You feel very sick. The scorpion stings you!
You die...

.# .# .# ##.##
##...####
######.......+
#..........#
#@s# #..# #..#
[..# #.## ...
#.# ..#


You could see a scorpion.

Vanquished Creatures
  2 adders
  2 worms
  A dart slug (D:1)
  An orc (D:3)
  3 bats
  10 endoplasms
  2 giant cockroaches (D:1)
  6 goblins
  4 hobgoblins (D:2)
  A kobold (D:3)
  2 quokkas
  9 ball pythons
  3 frilled lizards
  3 rats
49 creatures vanquished.

Notes
Turn   | Place    | Note
-------+----------+-------------------------------------------
     0 | D:1      | dianekeaton the Hill Orc Fighter began the quest for the
                  | Orb.
     0 | D:1      | Reached XP level 1. HP: 19/19 MP: 1/1
    36 | D:1      | Reached XP level 2. HP: 23/27 MP: 2/2
   648 | D:1      | Reached XP level 3. HP: 33/33 MP: 3/3
   781 | D:2      | Found Sieturen's Armour Boutique.
  1370 | D:2      | Reached XP level 4. HP: 41/41 MP: 4/4
  2273 | D:4      | Found Qose's General Store.
  2284 | D:4      | Bought a scroll of identify for 28 gold pieces
  2289 | D:4      | Found Meosk's Antique Armour Shoppe.
  2311 | D:4      | Noticed a scorpion
  2318 | D:5      | Entered Level 5 of the Dungeon
  2319 | D:5      | Gained mutation: You expend magic power (3 MP) to
                  | strengthen your wands. [potion of mutation]
  2319 | D:5      | Gained mutation: You have a pair of small horns on your
                  | head. [potion of mutation]
  2319 | D:5      | Gained mutation: You have hidden genetic potential. [potion
                  | of mutation]
  2322 | D:5      | Slain by a scorpion

Illustrated notes

Levels and vault maps discovered:
D:1:      zaba_arrival_water, layout_rooms, nicolae_figureground_sparkle
D:2:      layout_rooms, serial_shops, nicolae_shop_competitors_out_of_business,
          kennysheep_generic_room_3
D:3:      layout_rooms, chequers_serial_rivers_small_a,
          kennysheep_generic_room_4
D:4:      layout_rooms, minmay_temple_entry_gardened_gates, serial_shops, shop,
          nicolae_diamond_shop, shop
D:5:      layout_loops_corners, mainiacjoe_overflow_big_doors

Skill      XL: |  1  2  3  4 |
---------------+-------------+-----
Fighting       | 4 |  4.6
Maces & Flails | 3 |  3.4
Armour         | 4 |  4.1
Shields        | |  3.2

Action                   |  1- 3 |  4- 6 || total
-------------------------+-------+-------++-------
Melee: Flail             |    76 |    47 ||   123
  Use: Potion            |     1 |     2 ||     3
       Scroll            |       |    10 ||    10
Armor: Scale mail        |    31 |    21 ||    52
Dodge: Dodged            |    37 |    24 ||    61
Block: Buckler           |    15 |     3 ||    18
